 Dungeon Crawl Stone Soup version 0.24.0 (webtiles) character file.

Game seed: 449370341601219911, levelgen mode: deterministic

222 Buxparty the Skirmisher (level 5, -1/41 HPs)
             Began as a Mummy Gladiator on Jan 27, 2020.
             Slain by an orc wizard
             ... wielding a +0 dagger
              (5 damage)
             ... on level 5 of the Dungeon.
             The game lasted 00:05:32 (2846 turns).

Buxparty the Skirmisher (Mummy Gladiator)           Turns: 2846, Time: 00:05:32

Health: -1/41      AC:  4    Str: 19    XL:     5   Next: 66%
Magic:  0/5        EV: 13    Int:  7    God:
Gold:   131        SH:  0    Dex: 13    Spells: 4/4 levels left

rFire    x . .     SeeInvis .   a - +0 trident
rCold    + . .     Gourm    .   (no shield)
rNeg     + + +     Faith    .   b - +0 leather armour
rPois    ∞         Spirit   +   c - +0 helmet
rElec    .         Reflect  .   i - scarf {Spirit}
rCorr    .         Harm     .   (no gloves)
MR       .....                  (no boots)
Stlth    +.........             (no amulet)
HPRegen  0.13/turn              (no ring)
MPRegen  0.09/turn              (no ring)

@: confused
A: no food or potions, fire vulnerability, cold resistance 1, negative energy
resistance 3, torment resistance, unbreathing
a: no special abilities


You were on level 5 of the Dungeon.
You were not hungry.

You visited 1 branch of the dungeon, and saw 5 of its levels.

You collected 131 gold pieces.

Inventory:

Hand Weapons
 a - a +0 trident (weapon)
Missiles
 d - 3 throwing nets (quivered)
Armour
 b - a +0 leather armour (worn)
 c - a +0 helmet (worn)
 i - a scarf of spirit shield (worn)
Jewellery
 h - an uncursed amulet of rage {unknown}
Scrolls
 e - 6 scrolls of identify {unknown}
 f - 3 scrolls of teleportation {unknown}
 g - a scroll of fog {unknown}
 j - a scroll of random uselessness {unknown}
 k - a scroll of remove curse {unknown}


   Skills:
 + Level 3.4 Fighting
 + Level 3.3 Polearms
 - Level 1.5 Throwing
 + Level 2.0 Armour
 + Level 3.3 Dodging


You had 4 spell levels left.
You didn't know any spells.
Your spell library was empty.

Dungeon Overview and Level Annotations

Branches:
Dungeon (5/15)
 Temple: D:4-7

Altars:
Cheibriados
Elyvilon
Nemelex Xobeh

Annotations:
D:2 Sigmund
D:3 3 runed translucent doors, malesh's ghost, amateur MfGl


Innate Abilities, Weirdness & Mutations

You do not eat or drink.
Your flesh is vulnerable to fire.
You are immune to poison.
Your flesh is cold resistant. (rC+)
You are immune to negative energy. (rN+++)
You are immune to unholy pain and torment.
You can survive without breathing.


Message History

You hear some strange, mumbled words.
You are more confused.
The orc hits you with a +0 flail.
* * * LOW HITPOINT WARNING * * *
You hit the orc.
The orc is heavily wounded.
Something hits you.
* * * LOW HITPOINT WARNING * * *
The orc hits you with a +0 flail.
* * * LOW HITPOINT WARNING * * *
You barely miss something. Something hits you but does no damage.
The orc misses you. Something hits you.
* * * LOW HITPOINT WARNING * * *
You miss something. The orc hits you with a +0 flail.
* * * LOW HITPOINT WARNING * * *
Something hits you but does no damage.
You miss something.
You hear the brisk rusting of a drain nearby.
Something hits you.
You die...

#### ##... # #..# ##.
####{# .#⌠.⌠###.o@.#
..._.....#### .
#⌠.⌠....############...(
....###..##.....<....#
####>.###.##.....######
....#.#..†.......#
###.....###......#
#.........##oo...#
#.###.###..#.....#


You could see an orc.

Vanquished Creatures
  A jelly (D:3)
  A bullfrog skeleton (D:5)
  7 adders
  2 oozes
  A worm (D:5)
  6 dart slugs
  A leopard gecko (D:3)
  An orc (D:5)
  13 bats
  5 giant cockroaches
  10 goblins
  3 hobgoblins
  9 jackals
  A quokka (D:2)
  9 frilled lizards
  6 kobolds
  3 rats (D:1)
79 creatures vanquished.

Notes
Turn   | Place    | Note
-------+----------+-------------------------------------------
     0 | D:1      | Buxparty the Mummy Gladiator began the quest for the Orb.
     0 | D:1      | Reached XP level 1. HP: 16/16 MP: 1/1
   104 | D:1      | Reached XP level 2. HP: 19/22 MP: 2/2
   413 | D:1      | Reached XP level 3. HP: 27/28 MP: 3/3
   440 | D:1      | Reached skill level 1 in Armour
   871 | D:2      | Found a sparkling altar of Nemelex Xobeh.
  1191 | D:2      | Reached XP level 4. HP: 31/34 MP: 4/4
  1385 | D:2      | Noticed Sigmund
  1435 | D:3      | Found a runed translucent gate.
  1435 | D:3      | Found a runed translucent gate.
  1436 | D:3      | Found a runed translucent gate.
  1443 | D:3      | Noticed malesh's ghost (amateur MfGl)
  1771 | D:3      | Reached XP level 5. HP: 21/41 MP: 5/5
  2312 | D:3      | Found a snail-covered altar of Cheibriados.
  2313 | D:3      | Found a white marble altar of Elyvilon.
  2550 | D:5      | Entered Level 5 of the Dungeon
  2812 | D:5      | Found a sparkling altar of Nemelex Xobeh.
  2846 | D:5      | Slain by an orc wizard

Levels and vault maps discovered:
D:1:      minmay_arrival_jagged, layout_basic
D:2:      layout_basic, nemelex_spade_bored_becter, uniq_terence, uniq_sigmund
D:3:      layout_loops_ring, gammafunk_temple_overflow_pools, first_ration,
          gammafunk_ghost_split
D:4:      layout_basic, serial_shops, nicolae_shop_trees
D:5:      layout_rooms, gammafunk_temple_overflow_forgotten,
          nemelex_xobeh_ov_fountains_minmay, minmay_temple_entry_arrows,
          gup_sewer_entry_bowl, uniq_duvessa
